AoeStats
← MrIonV

Arabia

510137137Analyzed
1v1 RM · 2d ago on Sep 29, 2026· 40m 36s· 2 players
Game mode
Random Map
Map size
Tiny (2 player)
Population
200
Speed
Normal
Resources
Standard
Victory
Conquest
Starting age
Dark Age
Ending age
Imperial Age
RankedLock teamsTeams togetherTeam positionsShared explorationLock speedFull tech treeHidden civsTurbo modeCheats
Victory
Defeat
🇮🇳 Franks · India
932
+16
🇬🇧 Poles · United Kingdom
938
-16
Axleaddict
9:51 Feudal Age
17:45 Loom
20:34 Castle Age
25:42 Scale Mail Armor
26:13 Gold Mining
30:59 Imperial Age
29:34 Fletching
32:04 Forging
33:17 Ordonnance Companies
34:20 Double-Bit Axe
39:05 Conscription
MrIonV
8:09 Loom
10:43 Feudal Age
15:40 Castle Age
22:02 Double-Bit Axe
22:04 Horse Collar
24:34 Town Watch
25:25 Wheelbarrow
25:39 Crossbowman
28:26 Heavy Plow
31:12 Fletching
31:35 Forging
31:27 Padded Archer Armor
32:19 Thumb Ring
32:36 Hand Cart
32:49 Bodkin Arrow
36:35 Imperial Age
Connection lost

Rejoining the realm…

Still unreachable

The connection could not be restored.

Session expired

The server has moved on; the page needs a fresh start.